 Dungeon Crawl Stone Soup version 0.31-a0-210-gccc998df9b (webtiles) character file.

Game seed: 8263901733167248389

124 qw the Chopper (level 5, -2/32 HPs)
             Began as a Gargoyle Fighter on June 30, 2023.
             Slain by Blork the orc
             ... wielding a +0 battleaxe
              (6 damage)
             ... on level 5 of the Dungeon.
             The game lasted 00:01:09 (2208 turns).

qw the Chopper (Gargoyle Fighter)                   Turns: 2208, Time: 00:01:10

Health: -2/32      AC: 10    Str: 22    XL:     5   Next: 8%
Magic:  0/5        EV:  9    Int:  8    God:
Gold:   118        SH:  4    Dex:  9    Spells: 4/4 levels left

rFire   . . .        Y - +0 war axe
rCold   + . .        c - +0 buckler
rNeg    + . .        b - +0 scale mail
rPois   inf          (no helmet)
rElec   +            (no cloak)
rCorr   .            (no gloves)
SInv    .            (no boots)
Will    .....        g - amulet of guardian spirit Stlth
                     i - ring of protection from cold
HPRegen 0.25/turn    (no ring)
MPRegen 0.09/turn

%: guardian spirit
@: about to teleport
A: sickness immunity, AC +4, negative energy resistance 1, electricity
resistance, torment resistance 1, petrification resistance
a: no special abilities


You were on level 5 of the Dungeon.
You visited 1 branch of the dungeon, and saw 4 of its levels.

You collected 118 gold pieces.


Innate Abilities, Weirdness & Mutations

You are immune to sickness and miasma.
Your stone body is resilient. (AC +4)
You are immune to poison.
You resist negative energy. (rN+)
You are resistant to electric shocks. (rElec)
You are resistant to unholy torment.
You are immune to petrification.


   Skills:
 - Level 3.2 Fighting
 + Level 4.6 Axes
 - Level 3.2 Armour
 - Level 3.2 Shields


You had 4 spell levels left.
You didn't know any spells.
Your spell library was empty.

Inventory:

Hand Weapons
 m - a +0 whip
 Y - a +0 war axe (weapon)
Missiles
 r - 3 boomerangs
Armour
 b - a +0 scale mail (worn)
 c - a +0 buckler (worn)
 s - a +0 pair of gloves
Jewellery
 g - an amulet of guardian spirit (around neck)
 i - a ring of protection from cold (left hand)
 n - a +5 ring of evasion
 p - a ring of flight
 q - a +6 ring of dexterity
Scrolls
 e - a scroll of identify
 h - 2 scrolls of teleportation
 k - a scroll of vulnerability {unknown}
Potions
 a - a potion of lignification
 d - 2 potions of might
 f - a potion of curing
 j - a potion of invisibility {unknown}
 l - 2 potions of haste {unknown}
 o - a potion of cancellation {unknown}

Dungeon Overview and Level Annotations

Branches:
Dungeon (3/15)

Altars:

Annotations:
D:2 1 runed translucent door, Crazy Yiuf
D:5 Blork the orc


Message History

You open the door.
There is an open door here.
You open the door.
There is an open door here.
Blork the orc comes into view.
He is wielding a +0 battleaxe.
Blork the orc shouts!
A scorpion comes into view.
Blork the orc hits you with a +0 battleaxe!
You barely miss Blork the orc. Blork the orc barely misses you.
You barely miss Blork the orc. Blork the orc closely misses you.
You barely miss Blork the orc. Blork the orc barely misses you.
You block Blork the orc's attack.
You slash Blork the orc!
Blork the orc is moderately wounded.
Blork the orc hits you with a +0 battleaxe.
You slash Blork the orc!
Blork the orc is almost dead.
Blork the orc barely misses you.
You closely miss Blork the orc.
Blork the orc is almost dead.
Blork the orc barely misses you.
Blork the orc hits you with a +0 battleaxe.
You hit Blork the orc but do no damage.
Blork the orc is almost dead.
Blork the orc mumbles some strange words.
Blork the orc seems to speed up.
You hit Blork the orc.
Blork the orc is almost dead.
Blork the orc hits you with a +0 battleaxe.
Blork the orc hits you with a +0 battleaxe!
2207 ||| READING 3 scrolls of teleportation.
As you read the scroll of teleportation, it crumbles to dust.
You feel strangely unstable.
Blork the orc hits you with a +0 battleaxe.
You barely miss Blork the orc.
Blork the orc is almost dead.
Blork the orc hits you with a +0 battleaxe!
You die...

# ### # #. #.. # #.#
#.# # #.# #.# # #.#
######.#### # #.#
#.........#
#######.###.####@##.#
............# #o#
#####.....### #s# #
##...## #.. # ##.##
### #.# #.# ##'##
##...##


You could see Blork the orc (fast) and a scorpion.

Vanquished Creatures
  3 gnolls (D:2)
  3 adders
  2 worms
  5 dart slugs
  An orc (D:5)
  5 ball pythons
  5 bats
  An endoplasm (D:3)
  A giant cockroach (D:1)
  6 goblins
  5 hobgoblins
  6 kobolds
  5 quokkas
  3 frilled lizards (D:1)
  A rat (D:2)
52 creatures vanquished.

Notes
Turn   | Place    | Note
-------+----------+-------------------------------------------
     0 | D:1      | qw the Gargoyle Fighter began the quest for the Orb.
     0 | D:1      | Reached XP level 1. HP: 14/14 MP: 1/1
     0 | D:1      | 0 ||| qw: Version: 0.3-a-26-gee661ec
     0 | D:1      | 0 ||| qw: Game counter: 7162
     0 | D:1      | 0 ||| qw: Melee chars always use a shield: true
     0 | D:1      | 0 ||| qw: God list: Okawaru
     0 | D:1      | 0 ||| qw: Allow faded altars: false
     0 | D:1      | 0 ||| qw: Do Orc after clearing Dungeon:15 true
     0 | D:1      | 0 ||| qw: Do second Lair branch before Depths: true
     0 | D:1      | 0 ||| qw: Lair rune preference: random
     0 | D:1      | 0 ||| qw: Goals: Normal, Zot:1-4, Slime:5, God:TSO, Crypt,
                  | Tomb, Abyss, Pan, Hells, Win
     0 | D:1      | 0 ||| PLANNING D:1-11
    56 | D:1      | Reached skill level 2 in Axes
   109 | D:1      | 109 ||| Stepping ~*~*~tactically~*~*~ (stealth).
   113 | D:1      | Reached XP level 2. HP: 19/19 MP: 2/2
   308 | D:1      | Reached skill level 3 in Axes
   402 | D:1      | Reached XP level 3. HP: 23/23 MP: 3/3
   407 | D:1      | 407 ||| DROPPING +0 club.
   499 | D:1      | Found a faded altar of an unknown god.
   499 | D:1      | Noticed a hellion
   502 | D:1      | 502 ||| UPGRADING to amulet of guardian spirit.
   507 | D:1      | 507 ||| UPGRADING to ring of protection from cold.
   508 | D:1      | 508 ||| READING scroll labelled WISITHEMEG.
   509 | D:1      | 509 ||| READING scroll labelled PYHIRI ASTEM.
   512 | D:1      | 512 ||| READING scroll labelled RIGERO XAXZEQ.
   513 | D:1      | 513 ||| READING scroll labelled ZIOPNU VYIFEY.
   742 | D:2      | Reached XP level 4. HP: 16/28 MP: 2/4
   748 | D:2      | HP: 7/28 [gnoll/+0 whip (5)]
   749 | D:2      | 749 ||| READING scroll of teleportation.
   751 | D:2      | Reached skill level 4 in Axes
   788 | D:2      | 788 ||| FLEEEEING.
   789 | D:2      | 789 ||| FLEEEEING.
   790 | D:2      | 790 ||| FLEEEEING.
   847 | D:2      | Found a runed translucent door.
   848 | D:2      | Noticed Crazy Yiuf
  1628 | D:2      | 1628 ||| READING scroll labelled NUABBI BISA.
  1629 | D:2      | 1629 ||| READING 3 scrolls of identify.
  1629 | D:2      | 1629 ||| IDENTIFYING fizzy emerald potion
  1630 | D:2      | 1630 ||| READING 2 scrolls of identify.
  1630 | D:2      | 1630 ||| IDENTIFYING sedimented silvery potion
  1674 | D:3      | 1674 ||| Stepping ~*~*~tactically~*~*~ (hiding).
  1794 | D:3      | 1794 ||| FLEEEEING.
  1795 | D:3      | 1795 ||| STAIRDANCE
  1961 | D:3      | Reached XP level 5. HP: 32/32 MP: 3/5
  1970 | D:3      | 1970 ||| Stepping ~*~*~tactically~*~*~ (stealth).
  2113 | D:3      | You fall into a shaft and drop 2 floors!
  2113 | D:5      | Entered Level 5 of the Dungeon
  2117 | D:5      | 2117 ||| Stepping ~*~*~tactically~*~*~ (hiding).
  2197 | D:5      | Noticed Blork the orc
  2206 | D:5      | HP: 7/32 [Blork the orc/+0 battleaxe (7)]
  2207 | D:5      | 2207 ||| READING 3 scrolls of teleportation.
  2208 | D:5      | Slain by Blork the orc

Levels and vault maps discovered:
D:1:      eino_arrival_water_star, layout_rooms,
          dreamdust_ecumenical_altar_sealed_demon
D:2:      layout_basic, minmay_misc_feat_cross, uniq_crazy_yiuf_cottage
D:3:      layout_rooms, uniq_grinder
D:5:      layout_loops_corners, nicolae_underground_beach, uniq_blork_the_orc

Skill      XL: |  1  2  3  4 |
---------------+-------------+-----
Axes           | 2 3 4 |  4.6
Fighting       | |  3.2
Armour         | |  3.2
Shields        | |  3.2

Action                     |  1- 3 |  4- 6 || total
---------------------------+-------+-------++-------
  Melee: War axe           |    67 |    70 ||   137
    Use: Scroll            |     4 |     5 ||     9
 Armour: Scale mail        |    40 |    21 ||    61
  Dodge: Dodged            |    25 |    29 ||    54
  Block: Buckler           |    16 |     8 ||    24

Table legend:
 A = Non-vault XP
 B = Vault XP
 C = Vault XP percentage of total XP
 D = Non-vault monster count
 E = Vault monster count
 F = Vault count percentage of total count
                 A         B        C        D         E       F
            +---------+---------+-------+---------+---------+-------
      Total |     178 |       0 |   0.0 |      52 |       0 |   0.0
            +---------+---------+-------+---------+---------+-------
        D:1 |      39 |       0 |   0.0 |      21 |       0 |   0.0
        D:2 |     106 |       0 |   0.0 |      22 |       0 |   0.0
        D:3 |      30 |       0 |   0.0 |       8 |       0 |   0.0
        D:5 |       3 |       0 |   0.0 |       1 |       0 |   0.0
            +---------+---------+-------+---------+---------+-------
